cohdb
Replays
Latest Replays
All Replays
Popular Replays
Top Player Replays
Match Explorer
How It Works
Community
CoH3 Stats
Reddit
Sign in to upload your games and track your stats! →
Sign in with Steam
Match 41496190
Unlisted
Match 41496190
Overview
Messages
Build Orders
End
Panzergrenadier Squad
Panzergrenadier Squad
250 Light Carrier
Construct Light Support Kompanie
MG34 Team
Assault Grenadier Squad
Panzerjäger Mechanized Group
Fire Support Elements
Flakvierling Half-track
2.5-tonne Medical Truck
Panzerjäger Mechanized Group
Construct Panzerarmee Kommand
Selects Battlefield Espionage Battlegroup
Selects Intel Disruption Beacon
Selects Plunder
Panzer III L Medium Tank
Selects Firestorm
Selects 250/3 Funkpanzerwagen
Selects Anti-Tank Incendiary Munitions
Firestorm
Pak 38 Mechanized Group
Panzer III L Medium Tank
Emergency Repair Kits
Vehicle Survival Package
Pak 38 Anti-tank Gun Team
Tungsten Core Ammunition
Selects Operation Skorpion
Firestorm
Armored Reserves
Firestorm
Tiger Heavy Tank
Operation Skorpion
Walking Stuka Rocket Launcher
Advanced Optics
Firestorm
カルト_くん
Zyllen
KillerKing
Peacekeeper
0
0
Comments
sign in to comment!
No comments posted yet!